Wolves vs Rampage
Created - July 13, 2022 at 21:02
Goals
|
| Wolves |
0 |
1 |
1 |
2 |
| Rampage |
2 |
1 |
0 |
3 |
|
Shots
|
| Wolves |
13 |
16 |
7 |
36 |
| Rampage |
9 |
13 |
13 |
35 |
|
1st period
1. Rampage , Petr Straka 2 (Dominik Simon 3, T.J. Tynan 5) at 0:58
2. Rampage , Ryan Lomberg 4 (T.J. Tynan 6, Jordan Kyrou 3) at 16:13
Penalties :
Collin Miller (San) for Tripping (Minor) at 6:52, Kevan Miller (San) for Interference (Minor) at 18:18
2nd period
3. Wolves , Jeff Petry 3 (Antti Suomela 1, Jeffrey Foss 3) at 16:30
4. Rampage , Steve Regier 2 (Nick Schmaltz 1, Rourke Chartier 2) at 18:04
Penalties :
Jeff Petry (Chi) for Goalie Interference (Minor) at 4:46, Kevan Miller (San) for Tripping (Minor) at 7:46
3rd period
5. Wolves , Kyle Rau 2 (Alexandre Grenier 3, Lawson Crouse 2) at 3:59 (PP)
Penalties :
Rourke Chartier (San) for Tripping (Minor) at 3:50, Jeffrey Foss (Chi) for Hooking (Minor) at 4:09, Joe Morrow (Chi) for Interference (Minor) at 10:17, Lawson Crouse (Chi) for Slashing (Minor) at 16:32
Goalie Stats
Laurent Brossoit (Chi), 32 saves from 35 shots - (0.914), L, 2-1-0, 60:00 minutes
Joni Ortio (San), 34 saves from 36 shots - (0.944), W, 2-1-0, 60:00 minutes
Players Stats for Wolves
Player Name G A P +/- PIM S H SB GA TA FO MP PP MP PK MP
------------------------------------------------------------------------------------
Alexandre Grenier 0 1 1 -1 0 2 1 0 1 0 6/8 21:33 3:06 4:05
Anton Lindholm 0 0 0 0 0 0 1 1 0 1 0/0 19:29 2:15 3:41
Antti Suomela 0 1 1 1 0 4 1 0 1 0 2/3 9:28 0:00 0:18
Dylan Coghlan 0 0 0 0 0 1 0 0 0 0 0/0 5:42 0:00 0:00
Eric Robinson 0 0 0 -1 0 1 1 1 0 0 0/1 15:48 3:00 1:37
Fredrik Olofsson 0 0 0 -1 0 0 2 0 0 1 0/0 10:06 0:00 0:00
Jake Evans 0 0 0 -1 0 1 1 0 1 0 3/6 10:06 0:00 0:00
Jakub Zboril 0 0 0 0 0 0 0 0 0 0 0/0 13:43 0:00 3:25
Jalen Chatfield 0 0 0 0 0 0 2 1 0 0 0/0 10:32 0:00 0:15
Jeff Petry 1 0 1 0 2 2 2 4 0 0 0/0 17:20 2:15 1:53
Jeffrey Foss 0 1 1 -2 2 1 1 0 0 0 0/0 22:48 3:51 2:37
Joe Morrow 0 0 0 -2 2 5 2 2 0 1 0/0 23:34 3:51 2:52
Kale Clague 0 0 0 0 0 1 0 0 0 0 0/0 7:03 0:00 1:09
Kevin Stenlund 0 0 0 0 0 0 0 0 0 0 0/0 2:11 0:00 1:57
Kieffer Bellows 0 0 0 1 0 2 0 0 0 0 0/0 9:10 0:00 0:00
Kyle Rau 1 0 1 -1 0 4 2 2 1 0 14/25 21:33 3:06 4:05
Lawson Crouse 0 1 1 -1 2 1 1 3 0 0 0/1 20:03 2:57 1:36
Liam O'Brien 0 0 0 0 0 0 0 0 0 0 0/0 1:09 0:00 0:00
Matthew Highmore 0 0 0 0 0 0 0 0 0 0 0/0 1:18 0:09 0:00
Sebastian Aho 0 0 0 -1 0 1 0 1 0 0 4/10 16:11 3:00 2:14
Thomas Spelling 0 0 0 -1 0 4 0 1 0 0 0/0 10:06 0:00 0:00
Victor Olofsson 0 0 0 -1 0 3 0 2 0 0 0/1 13:57 3:00 0:00
Wade Allison 0 0 0 1 0 3 0 0 0 0 0/0 9:10 0:00 0:00
Zachary Senyshyn 0 0 0 0 0 0 0 0 0 0 0/0 0:00 0:00 0:00
Players Stats for Rampage
Player Name G A P +/- PIM S H SB GA TA FO MP PP MP PK MP
------------------------------------------------------------------------------------
Adam Clendening 0 0 0 2 0 2 1 1 0 1 0/0 21:14 0:49 3:57
Anthony Richard 0 0 0 0 0 1 4 0 0 0 0/3 8:18 0:39 0:00
Charlie McAvoy 0 0 0 -1 0 1 1 0 0 0 0/0 14:15 0:48 0:00
Collin Miller 0 0 0 2 2 4 1 0 0 0 0/0 20:40 2:48 2:44
Dominik Simon 0 1 1 1 0 3 2 0 0 0 0/1 13:15 0:54 0:34
Dylan Sikura 0 0 0 0 0 2 2 0 0 0 0/1 11:45 0:52 1:51
Ethan Bear 0 0 0 1 0 2 2 3 0 2 0/0 23:43 4:19 2:09
Jean-Sebastien Dea 0 0 0 1 0 1 1 0 0 0 3/5 12:53 3:09 0:00
Jordan Greenway 0 0 0 0 0 1 1 0 1 0 0/1 9:39 0:29 1:00
Jordan Kyrou 0 1 1 1 0 1 2 0 0 0 1/2 11:52 0:08 0:00
Kevan Miller 0 0 0 -1 4 0 3 0 0 0 0/0 17:05 2:49 1:13
Nick Schmaltz 0 1 1 0 0 2 1 2 0 0 2/2 18:32 3:47 0:00
Petr Straka 1 0 1 1 0 4 1 0 0 0 0/0 12:53 3:09 0:00
Rourke Chartier 0 1 1 0 2 2 3 0 0 1 8/17 20:22 3:47 1:51
Ryan Lomberg 1 0 1 1 0 2 3 0 0 0 0/0 13:56 3:07 0:00
Steve Regier 1 0 1 0 0 3 1 1 2 0 0/1 22:33 3:47 3:18
T.J. Tynan 0 2 2 1 0 2 1 0 0 0 12/22 17:12 0:00 3:38
Travis Sanheim 0 0 0 1 0 2 0 1 0 0 0/0 23:43 4:19 2:09
Trent Frederic 0 0 0 0 0 0 0 0 0 0 0/0 0:00 0:00 0:00
3 Stars
1 - Ryan Lomberg (San)
2 - Joni Ortio (San)
3 - Petr Straka (San)
Power Play
Wolves - 1 on 4 Attempt(s) - 25.00%
Rampage - 0 on 4 Attempt(s) - 0.00%
Penalty Kill
Wolves - 4 on 4 Attempt(s) - 100.00%
- Score 0 goal in Penalty Kill
Rampage - 3 on 4 Attempt(s) - 75.00%
- Score 0 goal in Penalty Kill
Team Stat
Wolves - Hits : 17 - Faceoff Wins : 29 - Blocked Shots : 18 - Penalty Minutes : 8
Rampage - Hits : 30 - Faceoff Wins : 26 - Blocked Shots : 8 - Penalty Minutes : 8
Official
Referees : Dean Morton and Jean Hebert
Linesman : Ryan Gibbons and Devin Berg
Game Notes
No Game Note
Finance
Level 1 -- Attendance: 1943 (97.15%) -- Ticket Income $68,005
Level 2 -- Attendance: 1000 (100.00%) -- Ticket Income $15,000
Total Attendance: 2943 (98.10%)
Total Ticket Income: $83,005
Other Income: $4,150
Total Income: $87,155
Wolves
5 vs 5 Forward
Center Left Wing Right Wing Time % Phy DF OF
1 Kyle Rau Lawson Crouse Alexandre Grenier 40 1 2 2
2 Sebastian Aho Eric Robinson Victor Olofsson 30 1 2 2
3 Jake Evans Fredrik Olofsson Thomas Spelling 20 1 2 2
4 Antti Suomela Kieffer Bellows Wade Allison 10 1 2 2
5 vs 5 Defense
Defense Defense Time % Phy DF OF
1 Joe Morrow Jeffrey Foss 40 1 2 2
2 Anton Lindholm Jeff Petry 30 1 2 2
3 Jalen Chatfield Jakub Zboril 20 1 2 2
4 Kale Clague Dylan Coghlan 10 1 2 2
PowerPlay Forward
Center Left Wing Right Wing Time % Phy DF OF
1 Kyle Rau Lawson Crouse Alexandre Grenier 60 1 2 2
2 Sebastian Aho Eric Robinson Victor Olofsson 40 1 2 2
PowerPlay Defense
Defense Defense Time % Phy DF OF
1 Joe Morrow Jeffrey Foss 60 1 2 2
2 Anton Lindholm Jeff Petry 40 1 2 2
Penalty Kill 4 Players Forward
Center Wing Time % Phy DF OF
1 Alexandre Grenier Kyle Rau 60 1 2 2
2 Sebastian Aho Lawson Crouse 40 1 2 2
Penalty Kill 4 Players Defense
Defense Defense Time % Phy DF OF
1 Joe Morrow Jeffrey Foss 60 1 2 2
2 Anton Lindholm Jeff Petry 40 1 2 2
Penalty Kill - 3 Players Forward
Forward Time % Phy DF OF
1 Alexandre Grenier 60 1 2 2
2 Kyle Rau 40 1 2 2
Penalty Kill - 3 Players Defense
Defense Defense Time % Phy DF OF
1 Joe Morrow Jeffrey Foss 60 1 2 2
2 Anton Lindholm Jeff Petry 40 1 2 2
4 vs 4 Forward
Center Wing Time % Phy DF OF
1 Alexandre Grenier Kyle Rau 60 1 2 2
2 Sebastian Aho Lawson Crouse 40 1 2 2
4 vs 4 Defense
Defense Defense Time % Phy DF OF
1 Joe Morrow Jeffrey Foss 60 1 2 2
2 Anton Lindholm Jeff Petry 40 1 2 2
Last Minutes Offensive
Center Left Wing Right Wing Defense Defense
Kyle Rau Lawson Crouse Alexandre Grenier Joe Morrow Jeffrey Foss
Last Minutes Defensive
Center Left Wing Right Wing Defense Defense
Kyle Rau Lawson Crouse Alexandre Grenier Joe Morrow Jeffrey Foss
Goaltenders
Starting : Laurent Brossoit
Backup : Ebbe Siönäs
Extra Forwards
Normal : Matthew Highmore, Liam O'Brien, Kevin Stenlund - PP : Matthew Highmore, Liam O'Brien - PK : Kevin Stenlund
Extra Defensemen
Normal : Jalen Chatfield, Jakub Zboril, Kale Clague - PP : Jalen Chatfield - PK : Jakub Zboril, Kale Clague
Penalty Shots
Alexandre Grenier, Kyle Rau, Sebastian Aho, Lawson Crouse, Victor Olofsson
Scratches
Samuel Girard (Fractured Orbital Bone Injury), Joona Koppanen (Healthy), Sergei Kostenko (Healthy)
Rampage
5 vs 5 Forward
Center Left Wing Right Wing Time % Phy DF OF
1 Rourke Chartier Steve Regier Nick Schmaltz 40 1 2 2
2 T.J. Tynan Ryan Lomberg Jordan Kyrou 30 1 2 2
3 Jean-Sebastien Dea Dominik Simon Petr Straka 20 1 2 2
4 Anthony Richard Jordan Greenway Dylan Sikura 10 1 2 2
5 vs 5 Defense
Defense Defense Time % Phy DF OF
1 Ethan Bear Travis Sanheim 40 1 2 2
2 Adam Clendening Collin Miller 30 1 2 2
3 Kevan Miller Charlie McAvoy 20 1 2 2
4 Kevan Miller Charlie McAvoy 10 1 2 2
PowerPlay Forward
Center Left Wing Right Wing Time % Phy DF OF
1 Rourke Chartier Steve Regier Nick Schmaltz 60 1 2 2
2 Jean-Sebastien Dea Ryan Lomberg Petr Straka 40 1 2 2
PowerPlay Defense
Defense Defense Time % Phy DF OF
1 Ethan Bear Travis Sanheim 60 1 2 2
2 Kevan Miller Collin Miller 40 1 2 2
Penalty Kill 4 Players Forward
Center Wing Time % Phy DF OF
1 T.J. Tynan Steve Regier 60 1 2 2
2 Rourke Chartier Dylan Sikura 40 1 2 2
Penalty Kill 4 Players Defense
Defense Defense Time % Phy DF OF
1 Adam Clendening Collin Miller 60 1 2 2
2 Travis Sanheim Ethan Bear 40 1 2 2
Penalty Kill - 3 Players Forward
Forward Time % Phy DF OF
1 T.J. Tynan 60 1 2 2
2 Jean-Sebastien Dea 40 1 2 2
Penalty Kill - 3 Players Defense
Defense Defense Time % Phy DF OF
1 Adam Clendening Travis Sanheim 60 1 2 2
2 Collin Miller Ethan Bear 40 1 2 2
4 vs 4 Forward
Center Wing Time % Phy DF OF
1 Jean-Sebastien Dea Dylan Sikura 60 1 2 2
2 T.J. Tynan Ryan Lomberg 40 1 2 2
4 vs 4 Defense
Defense Defense Time % Phy DF OF
1 Charlie McAvoy Travis Sanheim 60 1 2 2
2 Collin Miller Kevan Miller 40 1 2 2
Last Minutes Offensive
Center Left Wing Right Wing Defense Defense
Rourke Chartier Ryan Lomberg Nick Schmaltz Ethan Bear Travis Sanheim
Last Minutes Defensive
Center Left Wing Right Wing Defense Defense
T.J. Tynan Steve Regier Dylan Sikura Adam Clendening Collin Miller
Goaltenders
Starting : Joni Ortio
Backup : Brandon Halverson
Extra Forwards
Normal : Dominik Simon, Jean-Sebastien Dea, Jordan Greenway - PP : Dominik Simon, Jean-Sebastien Dea - PK : Jordan Greenway
Extra Defensemen
Normal : Ethan Bear, Kevan Miller, Collin Miller - PP : Ethan Bear - PK : Kevan Miller, Collin Miller
Penalty Shots
Jordan Kyrou, Rourke Chartier, Dylan Sikura, Jean-Sebastien Dea, Nick Schmaltz
Scratches
Artturi Lehkonen (Healthy), Jeremy Bracco (Healthy), Roland McKeown (Left Wrist Injury), Eamon McAdam (Healthy), Emil Larmi (Healthy)
% Time on Ice - Wolves
Lines # - Real PCT - Wanted PCT - Time Play
Normal Forward
1 - 33% - 40% - 14:36
2 - 24% - 30% - 10:57
3 - 23% - 20% - 10:06
4 - 20% - 10% - 9:10
Normal Defense
1 - 35% - 40% - 15:48
2 - 29% - 30% - 13:02
3 - 23% - 20% - 10:17
4 - 13% - 10% - 5:42
PP Forward
1 - 51% - 60% - 3:06
2 - 49% - 40% - 3:00
PP Defense
1 - 63% - 60% - 3:51
2 - 37% - 40% - 2:15
PK Forward
1 - 72% - 60% - 5:42
2 - 28% - 40% - 2:14
PK Defense
1 - 59% - 60% - 4:43
2 - 41% - 40% - 3:13
PK3 Forward
1 - 0% - 60%
2 - 0% - 40%
PK3 Defense
1 - 0% - 60%
2 - 0% - 40%
44 Forward
1 - 0% - 60%
2 - 0% - 40%
44 Defense
1 - 0% - 60%
2 - 0% - 40%
Last Minute Offensive - 1:09
Last Minute Defensive - 0:00
Total
Forward - 60:00
Defense - 60:00
|
% Time on Ice - Rampage
Lines # - Real PCT - Wanted PCT - Time Play
Normal Forward
1 - 35% - 40% - 15:44
2 - 27% - 30% - 11:55
3 - 21% - 20% - 9:33
4 - 17% - 10% - 7:36
Normal Defense
1 - 38% - 40% - 17:12
2 - 33% - 30% - 14:34
3 - 22% - 20% - 9:58
4 - 7% - 10% - 3:04
PP Forward
1 - 48% - 60% - 3:49
2 - 52% - 40% - 4:07
PP Defense
1 - 54% - 60% - 4:19
2 - 46% - 40% - 3:37
PK Forward
1 - 70% - 60% - 4:15
2 - 30% - 40% - 1:51
PK Defense
1 - 65% - 60% - 3:57
2 - 35% - 40% - 2:09
PK3 Forward
1 - 0% - 60%
2 - 0% - 40%
PK3 Defense
1 - 0% - 60%
2 - 0% - 40%
44 Forward
1 - 0% - 60%
2 - 0% - 40%
44 Defense
1 - 0% - 60%
2 - 0% - 40%
Last Minute Offensive - 0:00
Last Minute Defensive - 1:10
Total
Forward - 60:00
Defense - 60:00
|
Play-by-Play
1st period
0:01 of 1st period - Kyle Rau wins face-off versus Steve Regier in neutral zone.
0:16 of 1st period - Snap shot by Alexandre Grenier.
0:16 of 1st period - Shot Misses the Net.
0:34 of 1st period - Snap shot by Victor Olofsson.
0:34 of 1st period - Stopped by Joni Ortio with a rebound.
0:56 of 1st period - Snap shot by Petr Straka.
0:56 of 1st period - Stopped by Laurent Brossoit with a rebound.
0:58 of 1st period - Snap shot by Dominik Simon.
0:58 of 1st period - Deflect By Petr Straka.
0:58 of 1st period - Goal by Petr Straka - Wolves : 0 - Rampage : 1.
0:59 of 1st period - Antti Suomela wins face-off versus Dylan Sikura in neutral zone.
1:02 of 1st period - Snap shot by Wade Allison.
1:02 of 1st period - Stopped by Joni Ortio with a rebound.
1:08 of 1st period - Wrist shot by Dylan Sikura.
1:08 of 1st period - Shot Misses the Net.
1:10 of 1st period - Slapshot by Adam Clendening.
1:10 of 1st period - Stopped by Laurent Brossoit without a rebound.
1:11 of 1st period - Kyle Rau wins face-off versus Rourke Chartier in Wolves zone.
1:20 of 1st period - Off-side.
1:21 of 1st period - Alexandre Grenier wins face-off versus Rourke Chartier in neutral zone.
2:26 of 1st period - Snap shot by Kyle Rau.
2:26 of 1st period - Shot Misses the Net.
2:28 of 1st period - Slapshot by Jeff Petry.
2:28 of 1st period - Deflect By Alexandre Grenier.
2:28 of 1st period - Shot Misses the Net.
2:28 of 1st period - Puck is out of play.
2:29 of 1st period - Sebastian Aho wins face-off versus Dominik Simon in Rampage zone.
2:42 of 1st period - Snap shot by Dominik Simon.
2:42 of 1st period - Shot Blocked by Victor Olofsson.
2:44 of 1st period - Wrist shot by Dominik Simon.
2:44 of 1st period - Deflect By Petr Straka.
2:44 of 1st period - Shot Misses the Net.
2:44 of 1st period - Puck is out of play.
2:45 of 1st period - Jake Evans wins face-off versus T.J. Tynan in Wolves zone.
2:50 of 1st period - Joe Morrow is hit by T.J. Tynan.
3:22 of 1st period - Slapshot by Petr Straka.
3:22 of 1st period - Shot Misses the Net.
3:24 of 1st period - Slapshot by Adam Clendening.
3:24 of 1st period - Shot Blocked by Victor Olofsson.
3:54 of 1st period - Dylan Coghlan is hit by Jordan Kyrou and loses puck.
4:09 of 1st period - Snap shot by Dominik Simon.
4:09 of 1st period - Stopped by Laurent Brossoit with a rebound.
4:27 of 1st period - Slapshot by Thomas Spelling.
4:27 of 1st period - Stopped by Joni Ortio without a rebound.
4:28 of 1st period - T.J. Tynan wins face-off versus Jake Evans in Rampage zone.
5:16 of 1st period - Sebastian Aho is hit by Anthony Richard and loses puck.
6:05 of 1st period - Snap shot by Thomas Spelling.
6:05 of 1st period - Stopped by Joni Ortio without a rebound.
6:06 of 1st period - Rourke Chartier wins face-off versus Kyle Rau in Rampage zone.
6:37 of 1st period - Adam Clendening is hit by Kyle Rau and loses puck.
6:52 of 1st period - Minor Penalty to Collin Miller for Tripping.
6:53 of 1st period - T.J. Tynan wins face-off versus Sebastian Aho in Rampage zone.
7:02 of 1st period - Backhand shot by Eric Robinson.
7:02 of 1st period - Stopped by Joni Ortio with a rebound.
7:46 of 1st period - Icing by Lawson Crouse.
7:47 of 1st period - Kyle Rau wins face-off versus Jordan Greenway in Wolves zone.
8:14 of 1st period - Anton Lindholm is hit by Rourke Chartier and loses puck.
8:33 of 1st period - Victor Olofsson is hit by Kevan Miller and loses puck.
8:52 of 1st period - Penalty to Collin Miller is over, Collin Miller is back on ice.
9:13 of 1st period - Jalen Chatfield is hit by Anthony Richard and loses puck.
9:26 of 1st period - Kale Clague is hit by Jean-Sebastien Dea and loses puck.
9:37 of 1st period - Jean-Sebastien Dea is hit by Jalen Chatfield.
10:16 of 1st period - Snap shot by Sebastian Aho.
10:16 of 1st period - Stopped by Joni Ortio with a rebound.
11:00 of 1st period - Jeffrey Foss is hit by Ryan Lomberg and loses puck.
11:19 of 1st period - Snap shot by Sebastian Aho.
11:19 of 1st period - Shot Misses the Net.
11:29 of 1st period - Anton Lindholm is hit by Kevan Miller and loses puck.
12:12 of 1st period - Snap shot by Sebastian Aho.
12:12 of 1st period - Shot Blocked by Steve Regier.
12:14 of 1st period - Wrist shot by Anton Lindholm.
12:14 of 1st period - Shot Misses the Net.
12:26 of 1st period - Thomas Spelling is hit by Petr Straka and loses puck.
12:54 of 1st period - Kyle Rau is hit by Jordan Greenway and loses puck.
13:09 of 1st period - Snap shot by Collin Miller.
13:09 of 1st period - Stopped by Laurent Brossoit with a rebound.
13:11 of 1st period - Snap shot by Jordan Greenway.
13:11 of 1st period - Shot Blocked by Jeff Petry.
13:27 of 1st period - Snap shot by Anthony Richard.
13:27 of 1st period - Deflect By Jordan Greenway.
13:27 of 1st period - Stopped by Laurent Brossoit with a rebound.
13:29 of 1st period - Wrist shot by Adam Clendening.
13:29 of 1st period - Shot Blocked by Anton Lindholm.
13:31 of 1st period - Slapshot by Collin Miller.
13:31 of 1st period - Shot Misses the Net.
13:33 of 1st period - Slapshot by Collin Miller.
13:33 of 1st period - Deflect By Jordan Greenway.
13:33 of 1st period - Shot Blocked by Jeff Petry.
13:33 of 1st period - Puck is out of play.
13:34 of 1st period - Jake Evans wins face-off versus T.J. Tynan in Wolves zone.
13:49 of 1st period - Wrist shot by Jordan Kyrou.
13:49 of 1st period - Shot Misses the Net.
14:01 of 1st period - Jalen Chatfield is hit by Dominik Simon and loses puck.
14:30 of 1st period - Ethan Bear is hit by Antti Suomela and loses puck.
15:05 of 1st period - Wrist shot by Jake Evans.
15:05 of 1st period - Stopped by Joni Ortio with a rebound.
15:07 of 1st period - Wrist shot by Jake Evans.
15:07 of 1st period - Shot Misses the Net.
15:09 of 1st period - Wrist shot by Fredrik Olofsson.
15:09 of 1st period - Shot Misses the Net.
15:11 of 1st period - Wrist shot by Kale Clague.
15:11 of 1st period - Shot Blocked by Nick Schmaltz.
15:29 of 1st period - Snap shot by Kyle Rau.
15:29 of 1st period - Stopped by Joni Ortio with a rebound.
15:31 of 1st period - Snap shot by Lawson Crouse.
15:31 of 1st period - Stopped by Joni Ortio without a rebound.
15:32 of 1st period - T.J. Tynan wins face-off versus Eric Robinson in Rampage zone.
15:41 of 1st period - Snap shot by Ryan Lomberg.
15:41 of 1st period - Stopped by Laurent Brossoit without a rebound.
15:42 of 1st period - T.J. Tynan wins face-off versus Sebastian Aho in Wolves zone.
16:13 of 1st period - Slapshot by Ryan Lomberg.
16:13 of 1st period - Goal by Ryan Lomberg - Wolves : 0 - Rampage : 2.
16:14 of 1st period - Rourke Chartier wins face-off versus Kyle Rau in neutral zone.
16:28 of 1st period - Snap shot by Nick Schmaltz.
16:28 of 1st period - Stopped by Laurent Brossoit without a rebound.
16:29 of 1st period - Jordan Kyrou wins face-off versus Sebastian Aho in Wolves zone.
16:32 of 1st period - Snap shot by T.J. Tynan.
16:32 of 1st period - Shot Blocked by Joe Morrow.
16:39 of 1st period - Icing by Jeffrey Foss.
16:40 of 1st period - Sebastian Aho wins face-off versus T.J. Tynan in Wolves zone.
17:07 of 1st period - Slapshot by Victor Olofsson.
17:07 of 1st period - Shot Blocked by Ethan Bear.
17:09 of 1st period - Slapshot by Joe Morrow.
17:09 of 1st period - Stopped by Joni Ortio with a rebound.
17:11 of 1st period - Slapshot by Victor Olofsson.
17:11 of 1st period - Shot Misses the Net.
17:15 of 1st period - Wrist shot by Victor Olofsson.
17:15 of 1st period - Stopped by Joni Ortio without a rebound.
17:16 of 1st period - Kyle Rau wins face-off versus Rourke Chartier in Rampage zone.
17:17 of 1st period - Backhand shot by Alexandre Grenier.
17:17 of 1st period - Stopped by Joni Ortio with a rebound.
17:41 of 1st period - Alexandre Grenier is hit by Charlie McAvoy and loses puck.
18:16 of 1st period - Slapshot by Kyle Rau.
18:16 of 1st period - Stopped by Joni Ortio with a rebound.
18:18 of 1st period - Minor Penalty to Kevan Miller for Interference.
18:19 of 1st period - Sebastian Aho wins face-off versus T.J. Tynan in Rampage zone.
18:24 of 1st period - Snap shot by Joe Morrow.
18:24 of 1st period - Deflect By Victor Olofsson.
18:24 of 1st period - Shot Misses the Net.
18:24 of 1st period - Puck is out of play.
18:25 of 1st period - T.J. Tynan wins face-off versus Sebastian Aho in Rampage zone.
18:50 of 1st period - Adam Clendening is hit by Joe Morrow and loses puck.
19:07 of 1st period - Anton Lindholm is hit by Dylan Sikura and loses puck.
Goals for this period are 0 for Wolves vs 2 for Rampage.
Shots for this period are 13 for Wolves vs 9 for Rampage.
2nd period
0:01 of 2nd period - T.J. Tynan wins face-off versus Kyle Rau in neutral zone.
0:04 of 2nd period - Slapshot by Collin Miller.
0:04 of 2nd period - Stopped by Laurent Brossoit without a rebound.
0:05 of 2nd period - Kyle Rau wins face-off versus T.J. Tynan in Wolves zone.
0:18 of 2nd period - Penalty to Kevan Miller is over, Kevan Miller is back on ice.
0:40 of 2nd period - Snap shot by Victor Olofsson.
0:40 of 2nd period - Stopped by Joni Ortio with a rebound.
1:06 of 2nd period - Snap shot by Dominik Simon.
1:06 of 2nd period - Deflect By Jeff Petry.
1:06 of 2nd period - Shot Misses the Net.
1:06 of 2nd period - Puck is out of play.
1:07 of 2nd period - Kyle Rau wins face-off versus Anthony Richard in Wolves zone.
1:47 of 2nd period - Snap shot by Ethan Bear.
1:47 of 2nd period - Stopped by Laurent Brossoit with a rebound.
1:57 of 2nd period - Wrist shot by Jake Evans.
1:57 of 2nd period - Deflect By Thomas Spelling.
1:57 of 2nd period - Stopped by Joni Ortio with a rebound.
2:30 of 2nd period - Ethan Bear is hit by Jeffrey Foss and loses puck.
2:47 of 2nd period - Snap shot by Steve Regier.
2:47 of 2nd period - Deflect By Nick Schmaltz.
2:47 of 2nd period - Stopped by Laurent Brossoit with a rebound.
2:57 of 2nd period - Slapshot by Joe Morrow.
2:57 of 2nd period - Stopped by Joni Ortio with a rebound.
2:59 of 2nd period - Snap shot by Kieffer Bellows.
2:59 of 2nd period - Shot Hit the Post.
3:01 of 2nd period - Snap shot by Kieffer Bellows.
3:01 of 2nd period - Stopped by Joni Ortio with a rebound.
3:03 of 2nd period - Slapshot by Antti Suomela.
3:03 of 2nd period - Stopped by Joni Ortio with a rebound.
3:05 of 2nd period - Wrist shot by Kieffer Bellows.
3:05 of 2nd period - Shot Misses the Net.
3:07 of 2nd period - Slapshot by Joe Morrow.
3:07 of 2nd period - Shot Misses the Net.
3:09 of 2nd period - Slapshot by Joe Morrow.
3:09 of 2nd period - Stopped by Joni Ortio with a rebound.
3:11 of 2nd period - Slapshot by Kieffer Bellows.
3:11 of 2nd period - Shot Misses the Net.
3:13 of 2nd period - Backhand shot by Jeffrey Foss.
3:13 of 2nd period - Deflect By Kieffer Bellows.
3:13 of 2nd period - Stopped by Joni Ortio with a rebound.
3:23 of 2nd period - Slapshot by Joe Morrow.
3:23 of 2nd period - Shot Blocked by Ethan Bear.
3:25 of 2nd period - Slapshot by Jeffrey Foss.
3:25 of 2nd period - Shot Blocked by Ethan Bear.
3:27 of 2nd period - Snap shot by Joe Morrow.
3:27 of 2nd period - Shot Misses the Net.
3:29 of 2nd period - Wrist shot by Kieffer Bellows.
3:29 of 2nd period - Shot Blocked by Travis Sanheim.
3:31 of 2nd period - Slapshot by Jeffrey Foss.
3:31 of 2nd period - Shot Misses the Net.
3:49 of 2nd period - Snap shot by Wade Allison.
3:49 of 2nd period - Shot Misses the Net.
3:51 of 2nd period - Slapshot by Joe Morrow.
3:51 of 2nd period - Stopped by Joni Ortio with a rebound.
4:27 of 2nd period - Slapshot by Joe Morrow.
4:27 of 2nd period - Stopped by Joni Ortio with a rebound.
4:29 of 2nd period - Slapshot by Jeffrey Foss.
4:29 of 2nd period - Deflect By Antti Suomela.
4:29 of 2nd period - Shot Misses the Net.
4:29 of 2nd period - Puck is out of play.
4:30 of 2nd period - Alexandre Grenier wins face-off versus T.J. Tynan in Rampage zone.
4:46 of 2nd period - Minor Penalty to Jeff Petry for Goalie Interference.
4:47 of 2nd period - Alexandre Grenier wins face-off versus Jean-Sebastien Dea in Wolves zone.
5:15 of 2nd period - Collin Miller is hit by Anton Lindholm and loses puck.
5:22 of 2nd period - Alexandre Grenier is hit by Ryan Lomberg and loses puck.
5:33 of 2nd period - Kyle Rau is hit by Collin Miller and loses puck.
6:44 of 2nd period - Kevin Stenlund is hit by Anthony Richard and loses puck.
6:46 of 2nd period - Penalty to Jeff Petry is over, Jeff Petry is back on ice.
6:55 of 2nd period - Snap shot by Thomas Spelling.
6:55 of 2nd period - Shot Misses the Net.
6:57 of 2nd period - Snap shot by Kale Clague.
6:57 of 2nd period - Stopped by Joni Ortio without a rebound.
6:58 of 2nd period - Jake Evans wins face-off versus T.J. Tynan in Rampage zone.
7:03 of 2nd period - Snap shot by Thomas Spelling.
7:03 of 2nd period - Stopped by Joni Ortio without a rebound.
7:04 of 2nd period - T.J. Tynan wins face-off versus Jake Evans in Rampage zone.
7:11 of 2nd period - Jake Evans is hit by Ryan Lomberg and loses puck.
7:16 of 2nd period - Snap shot by T.J. Tynan.
7:16 of 2nd period - Shot Misses the Net.
7:46 of 2nd period - Minor Penalty to Kevan Miller for Tripping.
7:47 of 2nd period - T.J. Tynan wins face-off versus Kyle Rau in Rampage zone.
9:27 of 2nd period - Rourke Chartier is hit by Joe Morrow and loses puck.
9:46 of 2nd period - Penalty to Kevan Miller is over, Kevan Miller is back on ice.
9:50 of 2nd period - T.J. Tynan is hit by Kyle Rau and loses puck.
10:22 of 2nd period - Kieffer Bellows is hit by Ethan Bear and loses puck.
10:51 of 2nd period - Wrist shot by Jordan Kyrou.
10:51 of 2nd period - Shot Misses the Net.
11:03 of 2nd period - Wrist shot by Nick Schmaltz.
11:03 of 2nd period - Shot Blocked by Jeff Petry.
11:20 of 2nd period - Icing by Charlie McAvoy.
11:21 of 2nd period - Kyle Rau wins face-off versus Anthony Richard in Rampage zone.
11:24 of 2nd period - Slapshot by Jake Evans.
11:24 of 2nd period - Shot Misses the Net.
11:26 of 2nd period - Slapshot by Dylan Coghlan.
11:26 of 2nd period - Deflect By Anthony Richard.
11:26 of 2nd period - Stopped by Joni Ortio without a rebound.
11:27 of 2nd period - Nick Schmaltz wins face-off versus Jake Evans in Rampage zone.
11:27 of 2nd period - Nick Schmaltz is hit by Jake Evans.
11:33 of 2nd period - Snap shot by Steve Regier.
11:33 of 2nd period - Shot Hit the Post.
12:17 of 2nd period - Snap shot by Dominik Simon.
12:17 of 2nd period - Deflect By Petr Straka.
12:17 of 2nd period - Stopped by Laurent Brossoit without a rebound.
12:18 of 2nd period - Jean-Sebastien Dea wins face-off versus Sebastian Aho in Wolves zone.
12:19 of 2nd period - Snap shot by Dominik Simon.
12:19 of 2nd period - Deflect By Jean-Sebastien Dea.
12:19 of 2nd period - Stopped by Laurent Brossoit without a rebound.
12:20 of 2nd period - T.J. Tynan wins face-off versus Sebastian Aho in Wolves zone.
12:23 of 2nd period - Backhand shot by Jordan Kyrou.
12:23 of 2nd period - Shot Blocked by Eric Robinson.
12:25 of 2nd period - Snap shot by Jordan Kyrou.
12:25 of 2nd period - Shot Misses the Net.
12:27 of 2nd period - Wrist shot by Jordan Kyrou.
12:27 of 2nd period - Shot Blocked by Sebastian Aho.
12:31 of 2nd period - Wrist shot by Ryan Lomberg.
12:31 of 2nd period - Shot Misses the Net.
12:33 of 2nd period - Slapshot by Travis Sanheim.
12:33 of 2nd period - Shot Blocked by Jeff Petry.
12:35 of 2nd period - Slapshot by Ethan Bear.
12:35 of 2nd period - Stopped by Laurent Brossoit with a rebound.
12:45 of 2nd period - Rourke Chartier is hit by Jeff Petry and loses puck.
12:56 of 2nd period - Slapshot by Joe Morrow.
12:56 of 2nd period - Shot Blocked by Nick Schmaltz.
13:02 of 2nd period - Lawson Crouse is hit by Rourke Chartier and loses puck.
13:27 of 2nd period - Snap shot by Steve Regier.
13:27 of 2nd period - Stopped by Laurent Brossoit with a rebound.
13:29 of 2nd period - Slapshot by Travis Sanheim.
13:29 of 2nd period - Shot Blocked by Kyle Rau.
13:31 of 2nd period - Snap shot by Travis Sanheim.
13:31 of 2nd period - Stopped by Laurent Brossoit without a rebound.
13:32 of 2nd period - T.J. Tynan wins face-off versus Victor Olofsson in Wolves zone.
14:56 of 2nd period - Wrist shot by Alexandre Grenier.
14:56 of 2nd period - Stopped by Joni Ortio with a rebound.
15:08 of 2nd period - Slapshot by Steve Regier.
15:08 of 2nd period - Shot Blocked by Jalen Chatfield.
15:10 of 2nd period - Slapshot by Kevan Miller.
15:10 of 2nd period - Shot Blocked by Lawson Crouse.
15:12 of 2nd period - Slapshot by Charlie McAvoy.
15:12 of 2nd period - Stopped by Laurent Brossoit with a rebound.
15:14 of 2nd period - Slapshot by Charlie McAvoy.
15:14 of 2nd period - Deflect By Rourke Chartier.
15:14 of 2nd period - Stopped by Laurent Brossoit with a rebound.
16:04 of 2nd period - Wrist shot by Wade Allison.
16:04 of 2nd period - Stopped by Joni Ortio without a rebound.
16:05 of 2nd period - Antti Suomela wins face-off versus Rourke Chartier in Rampage zone.
16:30 of 2nd period - Slapshot by Jeff Petry.
16:30 of 2nd period - Goal by Jeff Petry - Wolves : 1 - Rampage : 2.
16:31 of 2nd period - Kyle Rau wins face-off versus T.J. Tynan in neutral zone.
17:40 of 2nd period - Off-side.
17:41 of 2nd period - Kyle Rau wins face-off versus T.J. Tynan in neutral zone.
17:50 of 2nd period - Wrist shot by Kyle Rau.
17:50 of 2nd period - Shot Misses the Net.
17:52 of 2nd period - Slapshot by Jeffrey Foss.
17:52 of 2nd period - Stopped by Joni Ortio with a rebound.
17:54 of 2nd period - Slapshot by Jeffrey Foss.
17:54 of 2nd period - Deflect By Lawson Crouse.
17:54 of 2nd period - Shot Misses the Net.
17:54 of 2nd period - Puck is out of play.
17:55 of 2nd period - Rourke Chartier wins face-off versus Kyle Rau in Rampage zone.
18:02 of 2nd period - Slapshot by Nick Schmaltz.
18:02 of 2nd period - Shot Blocked by Kyle Rau.
18:04 of 2nd period - Snap shot by Steve Regier.
18:04 of 2nd period - Goal by Steve Regier - Wolves : 1 - Rampage : 3.
18:05 of 2nd period - Rourke Chartier wins face-off versus Kyle Rau in neutral zone.
18:55 of 2nd period - Snap shot by Ryan Lomberg.
18:55 of 2nd period - Shot Misses the Net.
19:39 of 2nd period - Snap shot by Steve Regier.
19:39 of 2nd period - Stopped by Laurent Brossoit with a rebound.
19:41 of 2nd period - Slapshot by Collin Miller.
19:41 of 2nd period - Stopped by Laurent Brossoit without a rebound.
19:42 of 2nd period - Nick Schmaltz wins face-off versus Alexandre Grenier in Wolves zone.
Goals for this period are 1 for Wolves vs 1 for Rampage.
Shots for this period are 16 for Wolves vs 13 for Rampage.
3rd period
0:01 of 3rd period - Kyle Rau wins face-off versus T.J. Tynan in neutral zone.
0:57 of 3rd period - Snap shot by Antti Suomela.
0:57 of 3rd period - Stopped by Joni Ortio with a rebound.
1:09 of 3rd period - Slapshot by Collin Miller.
1:09 of 3rd period - Deflect By Jake Evans.
1:09 of 3rd period - Stopped by Laurent Brossoit with a rebound.
1:11 of 3rd period - Wrist shot by Petr Straka.
1:11 of 3rd period - Stopped by Laurent Brossoit without a rebound.
1:12 of 3rd period - Jean-Sebastien Dea wins face-off versus Kyle Rau in Wolves zone.
1:37 of 3rd period - Jean-Sebastien Dea is hit by Fredrik Olofsson and loses puck.
2:08 of 3rd period - Snap shot by Dominik Simon.
2:08 of 3rd period - Stopped by Laurent Brossoit without a rebound.
2:09 of 3rd period - T.J. Tynan wins face-off versus Kyle Rau in Wolves zone.
2:18 of 3rd period - T.J. Tynan is hit by Lawson Crouse and loses puck.
2:37 of 3rd period - Kevan Miller is hit by Eric Robinson and loses puck.
2:56 of 3rd period - Jake Evans is hit by Anthony Richard and loses puck.
3:15 of 3rd period - Wrist shot by Steve Regier.
3:15 of 3rd period - Shot Blocked by Thomas Spelling.
3:17 of 3rd period - Snap shot by Steve Regier.
3:17 of 3rd period - Shot Misses the Net.
3:47 of 3rd period - Slapshot by Jeff Petry.
3:47 of 3rd period - Stopped by Joni Ortio without a rebound.
3:48 of 3rd period - Rourke Chartier wins face-off versus Kyle Rau in Rampage zone.
3:50 of 3rd period - Minor Penalty to Rourke Chartier for Tripping.
3:51 of 3rd period - T.J. Tynan wins face-off versus Lawson Crouse in Rampage zone.
3:59 of 3rd period - Wrist shot by Kyle Rau.
3:59 of 3rd period - Goal by Kyle Rau - Wolves : 2 - Rampage : 3.
4:00 of 3rd period - Rourke Chartier wins face-off versus Kyle Rau in neutral zone.
4:05 of 3rd period - Backhand shot by Rourke Chartier.
4:05 of 3rd period - Deflect By Joe Morrow.
4:05 of 3rd period - Stopped by Laurent Brossoit without a rebound.
4:06 of 3rd period - Kyle Rau wins face-off versus Rourke Chartier in Wolves zone.
4:06 of 3rd period - Kyle Rau is hit by Nick Schmaltz.
4:09 of 3rd period - Minor Penalty to Jeffrey Foss for Hooking.
4:10 of 3rd period - Alexandre Grenier wins face-off versus Rourke Chartier in Wolves zone.
6:09 of 3rd period - Penalty to Jeffrey Foss is over, Jeffrey Foss is back on ice.
6:47 of 3rd period - Backhand shot by Wade Allison.
6:47 of 3rd period - Stopped by Joni Ortio without a rebound.
6:48 of 3rd period - Sebastian Aho wins face-off versus Jordan Kyrou in Rampage zone.
7:13 of 3rd period - Dylan Sikura is hit by Jalen Chatfield and loses puck.
8:21 of 3rd period - Snap shot by Antti Suomela.
8:21 of 3rd period - Stopped by Joni Ortio with a rebound.
9:18 of 3rd period - Snap shot by Thomas Spelling.
9:18 of 3rd period - Shot Misses the Net.
9:34 of 3rd period - Anton Lindholm is hit by Adam Clendening and loses puck.
9:47 of 3rd period - Steve Regier is hit by Jeff Petry and loses puck.
10:17 of 3rd period - Minor Penalty to Joe Morrow for Interference.
10:18 of 3rd period - Rourke Chartier wins face-off versus Alexandre Grenier in Wolves zone.
10:43 of 3rd period - Alexandre Grenier is hit by Ethan Bear and loses puck.
11:04 of 3rd period - Nick Schmaltz is hit by Alexandre Grenier.
12:17 of 3rd period - Penalty to Joe Morrow is over, Joe Morrow is back on ice.
13:00 of 3rd period - Sebastian Aho is hit by Jordan Kyrou and loses puck.
13:44 of 3rd period - Snap shot by Alexandre Grenier.
13:44 of 3rd period - Deflect By Kyle Rau.
13:44 of 3rd period - Stopped by Joni Ortio with a rebound.
13:46 of 3rd period - Wrist shot by Kyle Rau.
13:46 of 3rd period - Shot Blocked by Adam Clendening.
14:35 of 3rd period - Wrist shot by Jordan Kyrou.
14:35 of 3rd period - Stopped by Laurent Brossoit with a rebound.
14:43 of 3rd period - Snap shot by Ryan Lomberg.
14:43 of 3rd period - Shot Misses the Net.
14:45 of 3rd period - Snap shot by Adam Clendening.
14:45 of 3rd period - Stopped by Laurent Brossoit with a rebound.
15:02 of 3rd period - Wrist shot by Antti Suomela.
15:02 of 3rd period - Stopped by Joni Ortio without a rebound.
15:03 of 3rd period - Kyle Rau wins face-off versus Rourke Chartier in Rampage zone.
15:28 of 3rd period - Ethan Bear is hit by Fredrik Olofsson and loses puck.
15:51 of 3rd period - Snap shot by Dylan Sikura.
15:51 of 3rd period - Stopped by Laurent Brossoit without a rebound.
15:52 of 3rd period - Kyle Rau wins face-off versus Anthony Richard in Wolves zone.
15:52 of 3rd period - Kyle Rau is hit by Dylan Sikura.
16:02 of 3rd period - Snap shot by Anthony Richard.
16:02 of 3rd period - Stopped by Laurent Brossoit without a rebound.
16:03 of 3rd period - Rourke Chartier wins face-off versus Kyle Rau in Wolves zone.
16:13 of 3rd period - Off-side.
16:14 of 3rd period - Kyle Rau wins face-off versus Jean-Sebastien Dea in neutral zone.
16:19 of 3rd period - Slapshot by Alexandre Grenier.
16:19 of 3rd period - Shot Misses the Net.
16:32 of 3rd period - Minor Penalty to Lawson Crouse for Slashing.
16:33 of 3rd period - Alexandre Grenier wins face-off versus Rourke Chartier in Wolves zone.
16:33 of 3rd period - Alexandre Grenier is hit by Rourke Chartier.
16:39 of 3rd period - Snap shot by Nick Schmaltz.
16:39 of 3rd period - Deflect By Steve Regier.
16:39 of 3rd period - Shot Misses the Net.
16:39 of 3rd period - Puck is out of play.
16:40 of 3rd period - Alexandre Grenier wins face-off versus Rourke Chartier in Wolves zone.
16:40 of 3rd period - Alexandre Grenier is hit by Steve Regier.
18:17 of 3rd period - Wrist shot by Travis Sanheim.
18:17 of 3rd period - Deflect By Antti Suomela.
18:17 of 3rd period - Stopped by Laurent Brossoit without a rebound.
18:18 of 3rd period - Jean-Sebastien Dea wins face-off versus Antti Suomela in Wolves zone.
18:32 of 3rd period - Penalty to Lawson Crouse is over, Lawson Crouse is back on ice.
18:43 of 3rd period - Anton Lindholm is hit by Kevan Miller and loses puck.
19:01 of 3rd period - Lawson Crouse is hit by Dominik Simon and loses puck.
19:06 of 3rd period - Snap shot by T.J. Tynan.
19:06 of 3rd period - Stopped by Laurent Brossoit with a rebound.
19:08 of 3rd period - Slapshot by T.J. Tynan.
19:08 of 3rd period - Stopped by Laurent Brossoit with a rebound.
19:12 of 3rd period - Wrist shot by Dominik Simon.
19:12 of 3rd period - Shot Misses the Net.
19:14 of 3rd period - Snap shot by Dominik Simon.
19:14 of 3rd period - Shot Blocked by Joe Morrow.
19:16 of 3rd period - Snap shot by T.J. Tynan.
19:16 of 3rd period - Shot Misses the Net.
19:20 of 3rd period - Snap shot by Dylan Sikura.
19:20 of 3rd period - Shot Misses the Net.
19:22 of 3rd period - Backhand shot by Dylan Sikura.
19:22 of 3rd period - Shot Blocked by Lawson Crouse.
19:24 of 3rd period - Snap shot by Adam Clendening.
19:24 of 3rd period - Shot Blocked by Lawson Crouse.
19:26 of 3rd period - Wrist shot by T.J. Tynan.
19:26 of 3rd period - Deflect By Dylan Sikura.
19:26 of 3rd period - Stopped by Laurent Brossoit with a rebound.
19:32 of 3rd period - Snap shot by Dominik Simon.
19:32 of 3rd period - Stopped by Laurent Brossoit with a rebound.
Goals for this period are 1 for Wolves vs 0 for Rampage.
Shots for this period are 7 for Wolves vs 13 for Rampage.
Output by the SimonT Hockey Simulator (STHS) for Francois Prevost